[ PARTIDA AOE2 · #495392479 ]
UnrankedAztecas vs Berbers
Equipo del jugador · DERR
Equipo rival · VICT
[ ANÁLISIS DE REPETICIÓN · EXTRAÍDO DE LA PARTIDA GRABADA ]
Feudal
9:15
Castillos
21:06
Imperial
39:14
| APM promedio | 55.2 |
| APM pico | 119 |
| eAPM promedio | 25.5 |
| Aldeanos / militares | 151 / 198 |
Foco
⚔️ 43.4% · 🌾 56.6%
Archer ×113 · Skirmisher ×71 · Militia ×6 · Trebuchet (Packed) ×5 · Mangonel ×2 · Battering Ram ×1
Feudal
8:51
Castillos
21:51
Imperial
38:10
| APM promedio | 58.8 |
| APM pico | 96 |
| eAPM promedio | 27.9 |
| Aldeanos / militares | 142 / 129 |
Foco
⚔️ 35.2% · 🌾 64.8%
Scout Cavalry ×44 · Skirmisher ×38 · Camel Archer ×32 · Genitour ×9 · Trebuchet (Packed) ×3 · Monk ×2
Mapa de la partida
Recursos iniciales + cada clic de construcción. Líneas = muros · curvas = relieve. ◆ oro · ⬟ piedra · ● bayas · ✦ reliquia · ◌ hueco del cierre
Tu base· ✓ Cerrada en 21:06 · 44t muro · sin puerta
Base de JOJO ROAD ROLLER· Abierta — el rival se encerró
Terreno inicial suavizado · ◌ = hueco del cierre detectado · pasá el cursor para detalles
Inputs por minuto
— Pato Lucas - - JOJO ROAD ROLLER
Build order — Pato Lucas
Primeras 150 de 516 acciones detectadas
| 0:00 | Crear | Villager (Male) |
| 0:00 | Crear | Villager (Male) |
| 0:01 | Crear | Villager (Male) |
| 0:01 | Crear | Villager (Male) |
| 0:01 | Crear | Villager (Male) |
| 0:02 | Construir | House |
| 0:04 | Construir | House |
| 1:22 | Crear | Villager (Male) |
| 1:22 | Crear | Villager (Male) |
| 1:43 | Construir | Lumber Camp |
| 1:52 | Crear | Villager (Male) |
| 1:52 | Crear | Villager (Male) |
| 2:11 | Crear | Villager (Male) |
| 2:12 | Crear | Villager (Male) |
| 2:40 | Crear | Villager (Male) |
| 2:41 | Crear | Villager (Male) |
| 3:12 | Crear | Villager (Male) |
| 3:32 | Crear | Villager (Male) |
| 3:32 | Crear | Villager (Male) |
| 3:55 | Construir | House |
| 3:59 | Crear | Villager (Male) |
| 3:59 | Crear | Villager (Male) |
| 4:16 | Construir | House |
| 4:27 | Crear | Villager (Male) |
| 4:27 | Crear | Villager (Male) |
| 4:47 | Crear | Villager (Male) |
| 4:47 | Crear | Villager (Male) |
| 5:07 | Construir | Barracks |
| 5:15 | Crear | Villager (Male) |
| 5:25 | Construir | House |
| 6:13 | Investigar | Loom |
| 6:30 | Construir | Palisade Wall |
| 6:31 | Construir | Palisade Wall |
| 7:03 | Investigar | Feudal Age |
| 7:21 | Construir | Mill |
| 7:26 | Crear | Militia |
| 7:26 | Crear | Militia |
| 7:48 | Crear | Militia |
| 7:48 | Crear | Militia |
| 7:50 | Construir | House |
| 7:51 | Crear | Militia |
| 7:52 | Crear | Militia |
| 8:01 | Construir | House |
| 8:09 | Crear | Villager (Male) |
| 8:20 | Construir | Palisade Wall |
| 8:22 | Construir | Palisade Wall |
| 8:39 | Construir | Farm |
| 9:13 | Crear | Villager (Male) |
| 9:15 | Edad | Edad Feudal |
| 9:23 | Investigar | Man-at-Arms (upgrade) |
| 9:23 | Investigar | Man-at-Arms (upgrade) |
| 9:27 | Crear | Villager (Male) |
| 9:29 | Construir | Farm |
| 9:30 | Construir | Farm |
| 9:31 | Crear | Villager (Male) |
| 9:31 | Crear | Villager (Male) |
| 9:37 | Construir | Palisade Wall |
| 10:03 | Construir | Archery Range |
| 10:18 | Crear | Villager (Male) |
| 10:19 | Crear | Villager (Male) |
| 10:32 | Crear | Villager (Male) |
| 10:37 | Construir | Mill |
| 10:47 | Construir | House |
| 10:48 | Construir | Palisade Wall |
| 11:06 | Crear | Villager (Male) |
| 11:12 | Crear | Archer |
| 11:12 | Crear | Archer |
| 11:16 | Crear | Villager (Male) |
| 11:33 | Construir | Mining Camp |
| 11:37 | Crear | Villager (Male) |
| 11:51 | Construir | Palisade Wall |
| 11:52 | Construir | Palisade Wall |
| 11:59 | Investigar | Double-Bit Axe |
| 12:00 | Investigar | Double-Bit Axe |
| 12:10 | Crear | Villager (Male) |
| 12:11 | Crear | Villager (Male) |
| 12:13 | Construir | Farm |
| 12:29 | Crear | Villager (Male) |
| 12:29 | Crear | Villager (Male) |
| 12:37 | Crear | Archer |
| 12:37 | Crear | Archer |
| 12:41 | Construir | Farm |
| 12:59 | Crear | Villager (Male) |
| 13:07 | Construir | Farm |
| 13:09 | Crear | Archer |
| 13:09 | Crear | Archer |
| 13:10 | Crear | Villager (Male) |
| 13:14 | Construir | Farm |
| 13:22 | Crear | Villager (Male) |
| 13:38 | Crear | Villager (Male) |
| 13:41 | Construir | Farm |
| 13:43 | Crear | Archer |
| 13:44 | Crear | Archer |
| 14:12 | Crear | Villager (Male) |
| 14:13 | Crear | Villager (Male) |
| 14:25 | Crear | Villager (Male) |
| 14:26 | Crear | Archer |
| 14:52 | Crear | Villager (Male) |
| 14:57 | Construir | House |
| 15:01 | Crear | Archer |
| 15:02 | Crear | Archer |
| 15:03 | Crear | Villager (Male) |
| 15:11 | Crear | Villager (Male) |
| 15:13 | Construir | Farm |
| 15:24 | Construir | Blacksmith |
| 15:28 | Crear | Villager (Male) |
| 15:33 | Construir | House |
| 15:36 | Crear | Villager (Male) |
| 15:38 | Crear | Archer |
| 15:51 | Crear | Archer |
| 15:52 | Crear | Villager (Male) |
| 16:01 | Construir | Archery Range |
| 16:12 | Construir | Farm |
| 16:28 | Construir | Lumber Camp |
| 16:57 | Crear | Archer |
| 16:57 | Crear | Archer |
| 17:08 | Construir | Farm |
| 17:12 | Crear | Villager (Male) |
| 17:16 | Crear | Villager (Male) |
| 17:18 | Construir | House |
| 17:29 | Construir | Farm |
| 17:33 | Crear | Archer |
| 18:00 | Construir | House |
| 18:01 | Construir | House |
| 18:05 | Crear | Archer |
| 18:09 | Construir | Farm |
| 18:10 | Construir | Farm |
| 18:25 | Crear | Archer |
| 18:26 | Investigar | Castle Age |
| 18:31 | Construir | House |
| 18:32 | Construir | House |
| 18:34 | Crear | Archer |
| 18:34 | Crear | Archer |
| 18:39 | Construir | House |
| 19:06 | Investigar | Fletching |
| 19:06 | Investigar | Fletching |
| 19:11 | Investigar | Horse Collar |
| 19:11 | Investigar | Horse Collar |
| 19:14 | Crear | Archer |
| 19:14 | Crear | Archer |
| 19:45 | Crear | Archer |
| 19:45 | Crear | Archer |
| 20:03 | Construir | House |
| 20:04 | Construir | House |
| 20:06 | Crear | Archer |
| 20:06 | Crear | Archer |
| 20:15 | Crear | Archer |
| 20:20 | Crear | Archer |
| 20:26 | Construir | Farm |
| 20:34 | Construir | House |
Build order — JOJO ROAD ROLLER
Primeras 150 de 497 acciones detectadas
| 0:00 | Crear | Villager (Male) ×4 |
| 0:02 | Construir | House |
| 0:02 | Construir | House |
| 1:27 | Crear | Villager (Male) |
| 1:50 | Construir | Lumber Camp |
| 2:03 | Crear | Villager (Male) |
| 2:18 | Crear | Villager (Male) |
| 2:47 | Crear | Villager (Male) |
| 3:15 | Crear | Villager (Male) |
| 3:16 | Crear | Villager (Male) |
| 3:38 | Crear | Villager (Male) |
| 3:38 | Crear | Villager (Male) |
| 3:50 | Construir | House |
| 4:24 | Construir | Mill |
| 4:26 | Construir | Mill |
| 4:33 | Crear | Villager (Male) |
| 4:33 | Crear | Villager (Male) |
| 4:34 | Crear | Villager (Male) |
| 5:26 | Crear | Villager (Male) |
| 5:27 | Investigar | Loom |
| 5:29 | Crear | Villager (Male) |
| 5:32 | Investigar | Loom |
| 6:40 | Investigar | Feudal Age |
| 7:02 | Construir | Lumber Camp |
| 7:09 | Construir | House |
| 7:10 | Construir | Palisade Wall |
| 8:10 | Construir | Barracks |
| 8:32 | Crear | Villager (Male) |
| 8:51 | Edad | Edad Feudal |
| 8:53 | Crear | Villager (Male) |
| 9:10 | Construir | Stable |
| 9:20 | Crear | Villager (Male) |
| 9:26 | Construir | Palisade Wall |
| 9:30 | Investigar | Double-Bit Axe |
| 9:41 | Construir | Palisade Wall |
| 9:57 | Crear | Villager (Male) |
| 10:00 | Crear | Scout Cavalry |
| 10:03 | Construir | Farm |
| 10:08 | Crear | Villager (Male) |
| 10:14 | Construir | House |
| 10:20 | Construir | Palisade Wall |
| 10:24 | Crear | Scout Cavalry |
| 10:40 | Crear | Villager (Male) |
| 10:51 | Construir | Farm |
| 10:53 | Construir | Farm |
| 11:07 | Crear | Villager (Male) |
| 11:11 | Construir | Farm |
| 11:29 | Crear | Villager (Male) |
| 11:39 | Construir | House |
| 11:41 | Construir | Farm |
| 11:43 | Construir | Farm |
| 11:45 | Construir | Farm |
| 11:57 | Construir | Farm |
| 12:05 | Construir | Farm |
| 12:07 | Construir | Farm |
| 12:10 | Crear | Villager (Male) |
| 12:13 | Construir | House |
| 12:24 | Construir | Farm |
| 12:26 | Crear | Villager (Male) |
| 12:32 | Construir | House |
| 13:00 | Crear | Scout Cavalry |
| 13:02 | Construir | Archery Range |
| 13:08 | Crear | Villager (Male) |
| 13:09 | Construir | House |
| 13:15 | Construir | Mill |
| 13:33 | Crear | Scout Cavalry |
| 13:39 | Crear | Villager (Male) |
| 13:50 | Crear | Villager (Male) |
| 13:54 | Construir | Palisade Wall |
| 13:55 | Construir | Palisade Wall |
| 13:58 | Construir | Palisade Wall |
| 14:06 | Crear | Villager (Male) |
| 14:07 | Crear | Archer |
| 14:25 | Crear | Villager (Male) |
| 14:35 | Construir | Palisade Wall |
| 14:37 | Construir | Palisade Wall |
| 14:49 | Crear | Scout Cavalry |
| 14:59 | Crear | Scout Cavalry |
| 15:03 | Construir | Farm |
| 15:05 | Construir | Farm |
| 15:07 | Construir | Farm |
| 15:08 | Construir | Farm |
| 15:11 | Construir | Mill |
| 15:13 | Construir | Farm |
| 15:13 | Construir | Farm |
| 15:14 | Construir | Farm |
| 15:17 | Crear | Villager (Male) |
| 15:24 | Crear | Skirmisher |
| 15:31 | Construir | Mining Camp |
| 15:39 | Crear | Villager (Male) |
| 15:54 | Investigar | Horse Collar |
| 16:02 | Crear | Skirmisher |
| 16:11 | Crear | Villager (Male) |
| 16:12 | Crear | Villager (Male) |
| 16:12 | Crear | Villager (Male) |
| 16:17 | Crear | Skirmisher |
| 16:28 | Crear | Villager (Male) |
| 16:52 | Crear | Skirmisher |
| 17:01 | Construir | Blacksmith |
| 17:06 | Crear | Skirmisher |
| 17:08 | Construir | House |
| 17:23 | Investigar | Wheelbarrow |
| 17:30 | Crear | Skirmisher |
| 17:44 | Construir | House |
| 18:08 | Crear | Skirmisher |
| 18:19 | Construir | Archery Range |
| 18:41 | Crear | Villager (Male) |
| 19:01 | Construir | House |
| 19:01 | Construir | House |
| 19:11 | Investigar | Castle Age |
| 19:16 | Crear | Skirmisher |
| 19:17 | Crear | Skirmisher |
| 19:45 | Crear | Skirmisher |
| 19:49 | Construir | House |
| 19:54 | Construir | House |
| 20:00 | Crear | Skirmisher |
| 20:01 | Investigar | Fletching |
| 20:10 | Crear | Skirmisher |
| 20:10 | Investigar | Padded Archer Armor |
| 20:34 | Crear | Skirmisher |
| 21:10 | Crear | Skirmisher |
| 21:10 | Crear | Skirmisher |
| 21:34 | Construir | Farm |
| 21:37 | Crear | Villager (Male) |
| 21:43 | Crear | Skirmisher |
| 21:51 | Edad | Edad de los Castillos |
| 21:52 | Investigar | Bodkin Arrow |
| 21:52 | Investigar | Bodkin Arrow |
| 21:53 | Construir | Town Center |
| 22:04 | Construir | Lumber Camp |
| 22:10 | Investigar | Elite Skirmisher (upgrade) |
| 22:21 | Crear | Villager (Male) |
| 22:36 | Investigar | Leather Archer Armor |
| 22:38 | Crear | Villager (Male) |
| 22:48 | Crear | Villager (Male) |
| 22:49 | Crear | Villager (Male) |
| 22:52 | Crear | Villager (Male) |
| 22:55 | Construir | University |
| 23:00 | Crear | Villager (Male) |
| 23:01 | Crear | Villager (Male) |
| 23:12 | Crear | Villager (Male) |
| 23:22 | Crear | Genitour |
| 23:22 | Crear | Genitour |
| 23:23 | Crear | Genitour |
| 23:36 | Crear | Villager (Male) |
| 23:57 | Crear | Genitour |
| 24:04 | Construir | Farm |
| 24:04 | Construir | Farm |
| 24:14 | Crear | Genitour |
| 24:15 | Crear | Genitour |
Cronología de la partida
| 5:07 | Pato Lucas · first_building Barracks |
| 6:30 | Pato Lucas · wall_segment Palisade Wall x3 |
| 6:31 | Pato Lucas · wall_segment Palisade Wall x5 |
| 7:10 | JOJO ROAD ROLLER · wall_segment Palisade Wall x4 |
| 8:10 | JOJO ROAD ROLLER · first_building Barracks |
| 8:20 | Pato Lucas · wall_segment Palisade Wall x4 |
| 8:22 | Pato Lucas · wall_segment Palisade Wall x6 |
| 8:51 | JOJO ROAD ROLLER · age_up feudal |
| 9:10 | JOJO ROAD ROLLER · first_building Stable |
| 9:15 | Pato Lucas · age_up feudal |
| 9:26 | JOJO ROAD ROLLER · wall_segment Palisade Wall x18 |
| 9:37 | Pato Lucas · wall_segment Palisade Wall x7 |
| 9:41 | JOJO ROAD ROLLER · wall_segment Palisade Wall x22 |
| 10:03 | Pato Lucas · first_building Archery Range |
| 10:20 | JOJO ROAD ROLLER · wall_segment Palisade Wall x1 |
| 10:48 | Pato Lucas · wall_segment Palisade Wall x5 |
| 11:51 | Pato Lucas · wall_segment Palisade Wall x11 |
| 11:52 | Pato Lucas · wall_segment Palisade Wall x3 |
| 13:02 | JOJO ROAD ROLLER · first_building Archery Range |
| 13:54 | JOJO ROAD ROLLER · wall_segment Palisade Wall x1 |
| 13:55 | JOJO ROAD ROLLER · wall_segment Palisade Wall x1 |
| 13:58 | JOJO ROAD ROLLER · wall_segment Palisade Wall x1 |
| 14:35 | JOJO ROAD ROLLER · wall_segment Palisade Wall x1 |
| 14:37 | JOJO ROAD ROLLER · wall_segment Palisade Wall x1 |
| 21:06 | Pato Lucas · age_up castle |
| 21:51 | JOJO ROAD ROLLER · age_up castle |
| 24:23 | Pato Lucas · first_building Siege Workshop |
| 29:13 | JOJO ROAD ROLLER · first_building Castle |
| 32:18 | JOJO ROAD ROLLER · first_building Monastery |
| 35:44 | Pato Lucas · first_market_sell 100 wood |
| 35:45 | Pato Lucas · first_market_buy 100 food |
| 35:50 | JOJO ROAD ROLLER · first_market_sell 100 wood |
| 37:05 | Pato Lucas · first_building Castle |
| 38:09 | JOJO ROAD ROLLER · wall_segment Palisade Wall x2 |
| 38:10 | JOJO ROAD ROLLER · age_up imperial |
| 39:14 | Pato Lucas · age_up imperial |
| 41:50 | Pato Lucas · resign |
[ ANÁLISIS IA · 1 CRÉDITO ]
¿Qué pasó realmente en esta partida?
Wolo.gg analiza cada decisión: build order, eco, micro, errores típicos por bracket. Análisis personalizado por WhatsApp o Discord en 30 segundos.
Guía civ
Aztecas
Perfil
Jugador #2016787